 Dungeon Crawl Stone Soup version 0.29.1-14-g9c671dbff4 (webtiles) character file.

Game seed: 1938688560920151066

88692 112233 the Destroyer (level 16, -2/118 HPs)
             Began as a Human Conjurer on Feb 17, 2023.
             Was a High Priest of Vehumet.
             Slain by a skeletal warrior
             ... wielding a +0 long sword
             ... led by a death knight
              (22 damage)
             ... on level 14 of the Dungeon on Feb 18, 2023.
             The game lasted 01:10:01 (40889 turns).

112233 the Destroyer (Human Conjurer)              Turns: 40889, Time: 01:10:02

Health: -2/118     AC:  4    Str:  7    XL:     16   Next: 41%
Magic:  23/42      EV: 21    Int: 38    God:    Vehumet [*****.]
Gold:   273        SH:  0    Dex: 19    Spells: 2/41 levels left

rFire   . . .      SeeInvis .   D - +9 mace "Totoit" {venom, rN+ Int+4 Dex+6}
rCold   . . .      Faith    .   (no shield)
rNeg    + . .      Spirit   .   a - +0 robe
rPois   .          Reflect  .   p - +0 hat
rElec   .          Harm     .   (no cloak)
rCorr   .          Rampage  .   q - +0 pair of gloves
Will    +....                   U - +0 pair of boots
Stlth   ++........              (no amulet)
HPRegen 0.29/turn               V - +6 ring of intelligence
MPRegen 0.28/turn               m - ring of magical power

@: no status effects
A: horns 1, clever 1, frail 1, wild magic 1
a: Renounce Religion


You were on level 14 of the Dungeon.
You worshipped Vehumet.
Vehumet was extremely pleased with you.
You visited 4 branches of the dungeon, and saw 23 of its levels.
You also visited: Gauntlet.

You collected 1974 gold pieces.
You spent 1701 gold pieces at shops.

Inventory:

Hand Weapons
 D - the +9 mace "Totoit" (weapon) {venom, rN+ Int+4 Dex+6}
   (You found it on level 1 of the Lair of Beasts)

   It poisons the flesh of those it strikes.
   Int:       It affects your intelligence (+4).
   Dex:       It affects your dexterity (+6).
   rN:        It protects you from negative energy.
 R - a +0 demon trident
Missiles
 y - 5 curare-tipped darts
 Q - 2 throwing nets
Armour
 a - a +0 robe (worn)
 p - a +0 hat (worn)
 q - a +0 pair of gloves (worn)
 U - a +0 pair of boots (worn)
Magical Staves
 H - a staff of air
Jewellery
 b - a ring of resist corrosion
 m - a ring of magical power (right hand)
 B - a ring of magical power
 J - the ring of the Jester {Wiz Stlth+}
   (You found it in a Gauntlet)

   [ring of wizardry]

   It improves your spell success rate.
   Stlth:     It makes you more stealthy.
 V - a +6 ring of intelligence (left hand)
 W - the ring of the Komtur {Fire Str-3 Int+5 Dex+3 Stlth+}
   (You found it on level 2 of the Lair of Beasts)

   [ring of fire]

   It enhances your fire magic.
   Str:       It affects your strength (-3).
   Int:       It affects your intelligence (+5).
   Dex:       It affects your dexterity (+3).
   rF:        It protects you from fire.
   rC:        It makes you vulnerable to cold.
   Stlth:     It makes you more stealthy.
Wands
 n - a wand of flame (41)
 w - a wand of digging (6)
 x - a wand of polymorph (2)
 C - a wand of paralysis (13)
 E - a wand of iceblast (17)
 M - a wand of mindburst (8)
Scrolls
 d - 3 scrolls of enchant armour
 g - 2 scrolls of identify
 o - 2 scrolls of blinking {unknown}
 r - 2 scrolls of poison
 s - a scroll of silence
 t - a scroll of magic mapping
 u - a scroll of immolation
 v - 2 scrolls of noise
 F - 2 scrolls of enchant weapon
 L - a scroll of torment {unknown}
 X - a scroll of vulnerability {unknown}
Potions
 c - a potion of mutation
 e - 3 potions of resistance
 f - a potion of cancellation
 h - 6 potions of might
 i - a potion of brilliance
 j - 8 potions of curing
 z - a potion of ambrosia
 A - 3 potions of berserk rage
 G - 3 potions of flight
 S - 2 potions of haste
 T - 3 potions of magic
 Y - a potion of lignification
 Z - a potion of degeneration {unknown}
Miscellaneous
 I - a tin of tremorstones (2/2)
 N - a phantom mirror
 O - a phial of floods


   Skills:
 + Level 13.7 Fighting
 + Level 13.4 Dodging
 - Level 2.0 Stealth
 + Level 13.2 Spellcasting
 + Level 13.9 Conjurations
 * Level 3.8 Summonings
 - Level 5.2 Translocations
 - Level 4.0 Air Magic


You had 2 spell levels left.
You knew the following spells:

 Your Spells              Type           Power      Damage    Failure   Level
a - Iskenderun's Mystic   Conj/Tloc      91%        2d18      1%          4
b - Iskenderun's Battles  Conj           100%       2d15      1%          5
c - Fulminant Prism       Conj/Hex       39%        3d18      1%          4
d - Orb of Destruction    Conj           53%        9d13      1%          7
e - Spellforged Servitor  Conj/Summ      44%        N/A       12%         7
f - Sticky Flame          Conj/Fire      79%        2d9       1%          4
h - Yara's Violent Unrav  Hex/Tmut       16%        3d8       14%         5
i - Searing Ray           Conj           100%       2d8       1%          2
j - Apportation           Tloc           100%       N/A       1%          1

Your spell library contained the following spells:

 Spells                   Type           Power      Damage    Failure   Level
 Irradiate                Conj/Tmut      39%        3d24      1%          5
 Magic Dart               Conj           100%       1d8       1%          1
 Summon Small Mammal      Summ           100%       N/A       1%          1
 Poisonous Vapours        Pois/Air       100%       N/A       1%          2
 Static Discharge         Conj/Air       88%        3-14/arc  1%          2
 Beastly Appendage        Tmut           64%        N/A       3%          1
 Necrotise                Necr           100%       1d9       3%          1
 Sublimation of Blood     Necr           32%        N/A       4%          2
 Wereblood                Tmut           32%        N/A       4%          2
 Dazzling Flash           Conj/Hex       100%       N/A       1%          3
 Gell's Gravitas          Tloc           71%        N/A       1%          3
 Inner Flame              Hex/Fire       32%        N/A       1%          3
 Lesser Beckoning         Tloc           71%        N/A       1%          3
 Teleport Other           Tloc           71%        N/A       1%          3
 Fireball                 Conj/Fire      39%        3d16      1%          5
 Lightning Bolt           Conj/Air       44%        1d63      1%          5
 Conjure Ball Lightning   Conj/Air       44%        3x3d15    2%          6
 Portal Projectile        Hex/Tloc       100%       N/A       3%          3
 Passage of Golubria      Tloc           71%        N/A       3%          4
 Iron Shot                Conj/Erth      39%        9d8       5%          6
 Spider Form              Tmut/Pois      32%        N/A       7%          3
 Tukima's Dance           Hex            32%        N/A       7%          3
 Corpse Rot               Necr/Pois/Air  46%        N/A       13%         4
 Lee's Rapid Deconstruct  Erth           16%        3d11*     14%         5
 Cause Fear               Hex            16%        N/A       21%         4
 Dispel Undead            Necr           32%        3d14      21%         4
 Silence                  Hex/Air        25%        N/A       24%         5
 Alistair's Intoxication  Tmut/Pois      21%        N/A       47%         5
 Blade Hands              Tmut           16%        N/A       47%         5
 Borgnjor's Vile Clutch   Necr/Erth      16%        N/A       47%         5
 Eringya's Noxious Bog    Tmut/Pois      16%        N/A       54%         6
 Lehudib's Crystal Spear  Conj/Erth      39%        10d10     82%         8
 Summon Hydra             Summ           31%        N/A       97%         7
 Maxwell's Capacitive Co  Air            32%        ∞         99%         8
 Discord                  Hex            16%        N/A       100%        8


Dungeon Overview and Level Annotations

Branches:
Dungeon (15/15)            Temple (1/1) D:6            Lair (5/5) D:11
 Shoals (0/4) Lair:3        Snake (0/4) Lair:2        Slime (0/5) Lair:4
    Orc (2/2) D:11            Elf (0/3) Orc:2        Vaults (0/5) D:14
Gauntlet (visited)
 Depths: D:15

Altars:
Ashenzari
Dithmenos
Fedhas
Gozag
Hepliaklqana
Kikubaaqudgha
Makhleb
Okawaru
Ru
Sif Muna
Trog
Uskayaw
Vehumet
Xom
Yredelemnul
Zin
The Shining One

Shops:
D:4 ?   Orc:2 *(*:

Portals:
Hell: Lair:5
Pandemonium: Orc:2

Annotations:
D:1 1 runed translucent door
D:6 Edmund
D:7 Maggie
D:8 1 runed translucent door, waddelsworth's ghost, novice TrMo
D:13 3 runed translucent doors, Silabav's ghost, journeyman MiGl
D:14 exclusion: downstairs
Lair:5 2 transporters, Ruewk's ghost, journeyman CeAM
Orc:2 2 runed translucent doors, exclusion: orange crystal statue


Innate Abilities, Weirdness & Mutations

You have a pair of small horns on your head.
Your mind is acute. (Int +4, Str/Dex -1)
You are frail. (-10% HP)
Your spells are a little harder to cast, but a little more powerful.


Message History

Unknown command.
The skeletal warrior attacks as you move away!
The skeletal warrior hits you with a +0 long sword!!
* * * LOW HITPOINT WARNING * * *
Casting: Iskenderun's Mystic Blast (safe; 1% risk of failure)
Confirm with . or Enter, or press ? or * to list all spells.
You erupt in a blast of force!
The mystic blast hits the skeletal warrior!
The skeletal warrior is heavily damaged.
The skeletal warrior is knocked back by the mystic blast.
The skeletal warrior collides with the skeletal warrior!
The mystic blast hits the skeletal warrior.
The skeletal warrior is almost destroyed.
The skeletal warrior is knocked back by the mystic blast.
The skeletal warrior slams into the rock wall!
The skeletal warrior hits something with a +0 dire flail.
The skeletal warrior misses you.
Unknown command.
Unknown command.
The skeletal warrior attacks as you move away!
The skeletal warrior hits you with a +0 long sword!
* * * LOW HITPOINT WARNING * * *
Okay, then.
Casting: Iskenderun's Mystic Blast (safe; 1% risk of failure)
Confirm with . or Enter, or press ? or * to list all spells.
You erupt in a blast of force!
The mystic blast hits the skeletal warrior!!
The skeletal warrior is severely damaged.
The skeletal warrior is knocked back by the mystic blast.
The skeletal warrior slams into the rock wall!
The mystic blast hits the skeletal warrior.
The skeletal warrior is lightly damaged.
The skeletal warrior is knocked back by the mystic blast.
The skeletal warrior slams into the rock wall!
The mystic blast hits the skeletal warrior but does no damage.
The skeletal warrior is almost destroyed.
The skeletal warrior hits you with a +0 long sword.
* * * LOW HITPOINT WARNING * * *
The skeletal warrior hits you with a +0 long sword!!
You die...

### ####.# #....# #.##p#
#.##.# #.##.##########
#[##...p.....p# #
########[###########.##.
#......@zzz# #.........
#.######.#9####.#.......
#...(.)..#..z9#.#....#[.
#.<##########.#.p#####..
###..### #..z#.?zz.....
#......# #.#z#..###....
###.####.#
#.##.p...#....
#...####.#
###...z..#.#....
#.###.##.#
#[...#.#...'....


You could see 3 skeletal warriors and a friendly spellforged servitor
(summoned).

Vanquished Creatures
  An orc warlord (Orc:1)
  Nessos (D:12)
  Azrael (Orc:2)
  Josephine (Orc:2)
  6 hydras
  A boulder beetle (D:13)
  4 vault guards (D:14)
  2 demonspawn (Orc:2)
  3 catoblepae
  2 two-headed ogres
  2 centaur warriors (D:14)
  3 orc high priests (Orc:2)
  3 death yaks (Lair:5)
  Urug (Lair:2)
  A soul eater (Orc:2)
  4 tengu warriors
  Sonja (Lair:1)
  A fire crab (Lair:5)
  A sixfirhy (Lair:5)
  A wizard (Lair:5)
  A phantasmal warrior (D:14)
  5 orc knights
  3 ugly things
  2 deep elf pyromancers
  A faun (shapeshifter) (D:14)
  11 orc sorcerers
  2 manticores
  4 cyclopes
  3 black mambas
  An orange demon (Lair:5)
  10 elephants
  4 torpor snails
  15 cane toads
  A gargoyle (D:11)
  A freezing wraith (D:14)
  9 rime drakes
  7 komodo dragons
  2 kobold demonologists (D:11)
  A tengu conjurer (D:14)
  4 unseen horrors
  3 ice devils (Lair:5)
  2 hellwings
  3 red devils
  3 polar bears
  6 slime creatures (D:14)
  3 trolls
  A hornet (D:9)
  A wolf spider simulacrum (Gauntlet)
  Grinder (D:5)
  A wind drake (Lair:3)
  15 blink frogs
  Prince Ribbit (D:5)
  16 dream sheep
  A centaur simulacrum (Gauntlet)
  4 shadows (Gauntlet)
  4 wyverns
  41 yaks
  A vampire (D:14)
  A fire elemental (Orc:2)
  7 wraiths
  8 basilisks
  4 steam dragons
  5 vampire mosquitoes
  Menkaure (D:5)
  4 wargs
  A harpy simulacrum (Gauntlet)
  A hydra simulacrum (Gauntlet)
  19 water moccasins
  4 acid dragons
  8 hell hounds
  25 orc warriors
  3 sky beasts
  An ice beast (D:8)
  10 centaurs
  16 wolves
  7 ogres
  A phantom (D:7)
  7 kobold brigands
  2 gnoll sergeants
  15 bullfrogs
  4 scorpions
  9 wights
  12 killer bees
  4 electric eels
  20 orc priests
  6 hounds
  3 jellies
  6 iguanas
  23 orc wizards
  14 gnolls
  8 adders
  2 shadow imps
  A white imp (D:7)
  4 ufetubi
  3 worms
  4 dart slugs
  60 orcs
  4 endoplasms
  3 giant cockroaches
  7 goblins
  10 hobgoblins
  4 jackals
  6 quokkas
  2 ball pythons
  3 bats
  3 frilled lizards
  19 kobolds
  7 rats
635 creatures vanquished.

Vanquished Creatures (collateral kills)
  A minotaur (Gauntlet)
1 creature vanquished.

Vanquished Creatures (others)
  185 fulminant prisms
  61 fungi
  67 plants
  4 withered plants
317 creatures vanquished.

Grand Total: 953 creatures vanquished

Notes
Turn   | Place    | Note
-------+----------+-------------------------------------------
     0 | D:1      | 112233 the Human Conjurer began the quest for the Orb.
     0 | D:1      | Reached XP level 1. HP: 13/13 MP: 3/3
     1 | D:1      | Found a runed translucent door.
     4 | D:1      | Noticed a jelly
   219 | D:1      | Reached XP level 2. HP: 12/19 MP: 1/5
   318 | D:1      | Learned a level 2 spell: Searing Ray
   504 | D:1      | Found a faded altar of an unknown god.
  1014 | D:1      | Reached XP level 3. HP: 24/24 MP: 3/7
  1898 | D:2      | Learned a level 3 spell: Dazzling Flash
  1916 | D:2      | Reached XP level 4. HP: 28/31 MP: 3/9
  2241 | D:2      | Reached skill level 1 in Fighting
  3160 | D:3      | Reached XP level 5. HP: 31/38 MP: 10/11
  4212 | D:4      | Reached XP level 6. HP: 46/46 MP: 10/12
  4491 | D:4      | Found Horphyng's Magic Scroll Shoppe.
  4512 | D:4      | Bought a scroll of identify for 26 gold pieces
  4514 | D:4      | Noticed an ogre
  4700 | D:4      | Learned a level 1 spell: Apportation
  4764 | D:4      | Killed an ogre
  4765 | D:4      | Reached skill level 5 in Spellcasting
  5079 | D:5      | Entered Level 5 of the Dungeon
  5299 | D:5      | Noticed Grinder
  5312 | D:5      | Killed Grinder
  5313 | D:5      | Reached XP level 7. HP: 17/54 MP: 5/15
  6966 | D:5      | Reached XP level 8. HP: 21/61 MP: 16/16
  7459 | D:5      | Noticed Prince Ribbit
  7466 | D:5      | Killed Prince Ribbit
  7467 | D:5      | Reached skill level 5 in Conjurations
  7704 | D:5      | Noticed Menkaure
  7710 | D:5      | Killed Menkaure
  7711 | D:5      | Reached skill level 5 in Fighting
  8098 | D:6      | Noticed Edmund
  8187 | D:6      | Reached XP level 9. HP: 68/68 MP: 18/18
  8301 | D:6      | Found a glowing silver altar of Zin.
  8840 | D:7      | Reached skill level 5 in Dodging
  9101 | D:6      | Found a staircase to the Ecumenical Temple.
  9106 | Temple   | Entered the Ecumenical Temple
  9142 | Temple   | Became a worshipper of Vehumet
  9958 | D:7      | Noticed Maggie
 10635 | D:8      | Found a broken altar of Ashenzari.
 10635 | D:8      | Found a basalt altar of Yredelemnul.
 10642 | D:8      | Learned a level 4 spell: Fulminant Prism
 10647 | D:8      | Learned a level 4 spell: Sticky Flame
 10656 | D:8      | Reached XP level 10. HP: 69/77 MP: 18/20
 11089 | D:7      | Learned a level 4 spell: Iskenderun's Mystic Blast
 11301 | D:8      | Found a runed translucent door.
 11301 | D:8      | Noticed waddelsworth's ghost (novice TrMo)
 13666 | D:9      | Reached * piety under Vehumet
 13666 | D:9      | Offered knowledge of Shock by Vehumet.
 14452 | D:9      | Noticed an orc sorcerer
 14458 | D:9      | Noticed a rust devil
 14461 | D:9      | Noticed a sixfirhy
 14461 | D:9      | Killed an orc sorcerer
 14492 | D:9      | Reached XP level 11. HP: 58/86 MP: 2/23
 15425 | D:10     | Entered Level 10 of the Dungeon
 15763 | D:10     | Found an iron altar of Okawaru.
 16509 | D:11     | Found a staircase to the Lair.
 16541 | D:11     | Found a gate leading to a gauntlet.
 16550 | Gauntlet | Entered a Gauntlet
 16550 | Gauntlet | Found a transporter.
 16550 | Gauntlet | Found a transporter.
 16609 | Gauntlet | Found a transporter.
 16611 | Gauntlet | Found a transporter.
 16621 | Gauntlet | Found a transporter.
 16623 | Gauntlet | Noticed an oklob plant
 16629 | Gauntlet | Found a transporter.
 16635 | Gauntlet | Found a transporter.
 16643 | Gauntlet | Found a transporter.
 16644 | Gauntlet | Found a transporter.
 16646 | Gauntlet | Noticed a tengu warrior
 16652 | Gauntlet | Found a transporter.
 16661 | Gauntlet | Noticed a quicksilver ooze
 16700 | Gauntlet | Found a transporter.
 16705 | Gauntlet | Noticed a death scarab
 16722 | Gauntlet | Found a transporter.
 16768 | Gauntlet | Found a transporter.
 16784 | Gauntlet | Found a transporter.
 16887 | Gauntlet | Found a transporter.
 16903 | Gauntlet | Found a transporter.
 17627 | Gauntlet | Identified the ring of the Jester {Wiz Stlth+}
 17651 | Gauntlet | Identified the +0 mace of the Vaults {vorpal, Fly Str+2
                  | Dex+2}
 17651 | Gauntlet | Noticed a minotaur
 17655 | Gauntlet | Killed a minotaur
 17837 | D:11     | Noticed a manticore
 17855 | D:12     | Noticed a cyclops
 18038 | D:13     | Found a runed translucent gate.
 18038 | D:13     | Found a runed translucent gate.
 18038 | D:13     | Found a runed translucent gate.
 18088 | D:13     | Offered knowledge of Foxfire by Vehumet.
 18278 | D:13     | Found a glowing golden altar of the Shining One.
 18302 | D:13     | Noticed a cyclops
 18559 | D:12     | Reached ** piety under Vehumet
 18745 | D:11     | Found a staircase to the Orcish Mines.
 19877 | D:11     | Reached XP level 12. HP: 63/96 MP: 22/25
 20154 | Orc:1    | Entered Level 1 of the Orcish Mines
 20803 | Orc:1    | Offered knowledge of Frozen Ramparts by Vehumet.
 21091 | Orc:1    | Noticed an orc warlord
 21096 | Orc:1    | HP: 2/97 [orc warlord/+0 battleaxe (32)]
 21578 | Lair:1   | Entered Level 1 of the Lair of Beasts
 21584 | D:11     | Reached skill level 10 in Conjurations
 21719 | Lair:1   | Reached *** piety under Vehumet
 21879 | Lair:1   | Reached skill level 10 in Fighting
 21880 | Lair:1   | Reached skill level 10 in Spellcasting
 23134 | D:12     | Offered knowledge of Hailstorm by Vehumet.
 23665 | D:12     | Reached skill level 10 in Dodging
 24141 | D:12     | Noticed Nessos
 24164 | D:12     | Killed Nessos
 24165 | D:12     | Reached XP level 13. HP: 77/104 MP: 3/27
 24541 | D:12     | Identified the +1 rapier "Lyfemol" {speed, +Blink}
 24804 | D:13     | Noticed a catoblepas
 24824 | D:13     | Killed a catoblepas
 24825 | D:13     | Noticed a centaur warrior
 24829 | D:14     | Noticed a catoblepas
 24845 | D:14     | Killed a catoblepas
 24859 | D:14     | Noticed a vault guard
 24986 | D:15     | Entered Level 15 of the Dungeon
 25020 | D:14     | Noticed a vault guard
 25136 | D:14     | Noticed a centaur warrior
 25337 | D:14     | Noticed a boulder beetle
 25340 | D:14     | Noticed a vault guard
 25350 | D:14     | Noticed a vault guard
 25440 | D:14     | Noticed an anaconda
 26177 | Lair:1   | Gained mutation: Your mind is acute. (Int +4, Str/Dex -1)
                  | [potion of mutation]
 26177 | Lair:1   | Gained mutation: Your spells are a little harder to cast,
                  | but a little more powerful. [potion of mutation]
 26177 | Lair:1   | Gained mutation: You are frail. (-10% HP) [potion of
                  | mutation]
 26177 | Lair:1   | Gained mutation: You have a pair of small horns on your
                  | head. [potion of mutation]
 27531 | Lair:1   | Identified the +9 mace "Totoit" {venom, rN+ Int+4 Dex+6}
 28068 | Lair:2   | Noticed a six-headed hydra
 28077 | Lair:2   | Reached **** piety under Vehumet
 28082 | Lair:2   | Killed a six-headed hydra
 28136 | Lair:2   | Noticed Sonja
 28294 | Lair:2   | Offered knowledge of Yara's Violent Unravelling by Vehumet.
 28345 | Lair:2   | Learned a level 5 spell: Yara's Violent Unravelling
 28403 | Lair:1   | Killed Sonja
 28538 | Lair:2   | You fall into a shaft and drop 2 floors!
 29060 | Lair:3   | Reached XP level 14. HP: 33/102 MP: 15/29
 29676 | Lair:3   | Reached skill level 1 in Translocations
 29959 | Lair:3   | Found a staircase to the Shoals.
 30497 | Lair:2   | Noticed Urug
 30509 | Lair:2   | Killed Urug
 30987 | Lair:2   | Found a staircase to the Snake Pit.
 31049 | Lair:2   | Identified the ring of the Komtur {Fire Str-3 Int+5 Dex+3
                  | Stlth+}
 31163 | Lair:2   | Reached ***** piety under Vehumet
 31163 | Lair:2   | Offered knowledge of Iskenderun's Battlesphere by Vehumet.
 31511 | Lair:4   | Found a staircase to the Slime Pits.
 32784 | Lair:5   | Entered Level 5 of the Lair of Beasts
 33044 | Lair:5   | Reached XP level 15. HP: 69/109 MP: 26/31
 33080 | Lair:5   | Noticed Ruewk's ghost (journeyman CeAM)
 33202 | Lair:5   | Learned a level 5 spell: Iskenderun's Battlesphere
 33713 | Lair:5   | Found a burning altar of Makhleb.
 33718 | Lair:5   | Reached skill level 5 in Translocations
 33875 | Lair:5   | Found a gateway to Hell.
 33964 | Lair:5   | Found a transporter.
 33990 | Lair:5   | Found a transporter.
 34234 | Lair:5   | Reached skill level 1 in Air Magic
 35174 | Orc:1    | Killed an orc warlord
 35516 | Orc:2    | Entered Level 2 of the Orcish Mines
 36091 | Orc:2    | Noticed Josephine
 36101 | Orc:2    | Killed Josephine
 36560 | Orc:2    | Found Pujegeg's General Store.
 36561 | Orc:2    | Found Doemiav's General Store.
 36719 | Orc:2    | Bought a potion of magic for 136 gold pieces
 36721 | Orc:2    | Bought a potion of curing for 45 gold pieces
 36721 | Orc:2    | Bought a potion of haste for 150 gold pieces
 36759 | Orc:2    | Found a runed translucent door.
 36759 | Orc:2    | Found the +10 tower shield of Ignorance {rN+ Int-4}
 36780 | Orc:2    | Found a runed translucent door.
 37416 | Orc:2    | Found a staircase to the Elven Halls.
 37474 | Orc:2    | Noticed Azrael
 37485 | Orc:2    | Killed Azrael
 38403 | Orc:2    | Reached XP level 16. HP: 83/117 MP: 14/33
 38582 | Orc:2    | Found Acoli Lytsa's Book Boutique.
 38582 | Orc:2    | Found Rixzufymp's Antique Weapon Shop.
 38583 | Orc:2    | Found a one-way gate leading to the halls of Pandemonium.
 38589 | Orc:2    | Bought a book of the Spheres for 756 gold pieces
 38589 | Orc:2    | Bought a book of Power for 588 gold pieces
 38597 | Orc:2    | Learned a level 7 spell: Orb of Destruction
 38607 | Orc:2    | Learned a level 7 spell: Spellforged Servitor
 38912 | D:14     | Reached skill level 1 in Summonings
 39539 | D:14     | Found a gate to the Vaults.
 39550 | D:14     | Offered knowledge of Irradiate by Vehumet.
 39941 | D:13     | Noticed Silabav's ghost (journeyman MiGl)
 40889 | D:14     | Slain by a skeletal warrior

Illustrated notes

Levels and vault maps discovered:
D:1:      dpeg_arrival_caged_fury, layout_basic,
          shapermc_ecumenical_altar_starsandcircs, minmay_misc_feat_square
D:2:      layout_loops_ring
D:3:      layout_basic
D:4:      layout_cave_pools, chequers_serial_rivers_small_b,
          nicolae_stop_n_shop_2, minmay_misc_feat_columns,
          kennysheep_generic_room_10
D:5:      layout_basic, uniq_menkaure, uniq_prince_ribbit1, uniq_grinder
D:6:      layout_gridville, zin_treasury, temple_statues, uniq_edmund
D:7:      layout_gridville, enter_bailey_2, uniq_maggie
D:8:      cheibrodos_helix_gallery, layout_basic, jmf_multi_god_temple,
          gammafunk_ghost_grave, kennysheep_windowed_goal
D:9:      cheibrodos_wizards_tower, layout_small_grid
D:10:     layout_loops_ring, mainiacjoe_overflow_six_doors_small
D:11:     layout_basic, dpeg_oklobed_lair, orc_0_dummy, gauntlet_entry_generic
D:12:     layout_rooms, fungi_pond_lemuel, minmay_door_square, uniq_nessos
D:13:     layout_loops_cross, gammafunk_ghost_icy, tso_oasis_becter
D:14:     layout_basic, lightli_vaults_fourway_checkpoint, st_stairs_2
D:15:     hangedman_depths_entry_civil_slaughter, layout_rooms, serial_shops,
          nicolae_shop_hallway_plus, fedhas_altar_4, hangedman_feature_mirror
Temple:   nicolae_temple_two_arcs
Lair:1:   layout_cave_pods, dreamdust_mushroom_princess, grunt_megastairs_1,
          infiniplex_staircase_pool
Lair:2:   layout_chaotic_city, minmay_snake_entry_six_corridors,
          portal_ice_cave_rime, uniq_urug, uniq_sonja
Lair:3:   layout_cellular_growth, minmay_shoals_entry_beasts
Lair:4:   layout_roguey, slime_entry_1, nicolae_volcano_entry_lava_flow
Lair:5:   evil_forest, layout_gridlike, gammafunk_ghost_hive
Orc:1:    layout_caves
Orc:2:    pf_orc_diabolical, layout_caves, chequers_guarded_unrand_ignorance,
          uniq_josephine, uniq_azrael

Skill      XL: |  1  2  3  4  5  6  7  8  9 10 11 12 13 14 15 16 |
---------------+-------------------------------------------------+-----
Spellcasting   | 3 4 5 6 7 8 9 10 11 12 13 | 13.2
Fighting       | 1 2 4 5 6 8 9 10 11 12 13 | 13.7
Dodging        | 3 4 5 7 8 10 11 12 13 | 13.4
Conjurations   | 5 6 8 9 10 11 12 13 | 13.9
Translocations | 4 5 |  5.2
Air Magic      | 4 |  4.0
Summonings     | 3 |  3.8
Stealth        | |  2.0

Action                   |  1- 3 |  4- 6 |  7- 9 | 10-12 | 13-15 | 16-18 || total
-------------------------+-------+-------+-------+-------+-------+-------++-------
Melee: Whip              |       |     3 |     4 |       |       |       ||     7
       Falchion          |       |       |       |    18 |     8 |       ||    26
       Punch             |       |       |       |     1 |     1 |       ||     2
       Mace              |       |       |       |       |    26 |       ||    26
       Headbutt          |       |       |       |       |     2 |       ||     2
 Cast: Magic Dart        |    66 |   100 |    71 |   105 |    53 |       ||   395
       Searing Ray       |     1 |    22 |    57 |   119 |    57 |       ||   256
       Dazzling Flash    |       |     1 |     1 |     3 |       |       ||     5
       Fulminant Prism   |       |       |       |    61 |   114 |    10 ||   185
       Sticky Flame      |       |       |       |    15 |     1 |       ||    16
       Iskenderun's Myst |       |       |       |    82 |   262 |    43 ||   387
       Apportation       |       |       |       |     3 |     1 |     1 ||     5
       Iskenderun's Batt |       |       |       |       |    45 |    10 ||    55
       Yara's Violent Un |       |       |       |       |     1 |       ||     1
       Orb of Destructio |       |       |       |       |       |    13 ||    13
       Spellforged Servi |       |       |       |       |       |     1 ||     1
Evoke: Wand              |       |       |     3 |     8 |     3 |       ||    14
       Phantom mirror    |       |       |       |       |     1 |       ||     1
  Use: Scroll            |     3 |     9 |       |    15 |    12 |     2 ||    41
       Potion            |     1 |       |       |     2 |    10 |     1 ||    14
 Stab: Invisible         |       |       |     1 |       |       |       ||     1
       Paralysed         |       |       |       |     8 |       |       ||     8
       Sleeping          |       |       |       |     1 |       |       ||     1
Armor: Robe              |     4 |     4 |    18 |    45 |    31 |       ||   102
       Skin              |       |       |       |       |     9 |       ||     9
Dodge: Dodged            |    12 |    20 |    89 |   220 |   225 |    15 ||   581
